 Dungeon Crawl Stone Soup version 0.17.0-25-gefc9c12 (webtiles) character file.

1257 EternalSandwich the Cutter (level 8, -1/56 HPs)
             Began as a Demonspawn Gladiator on Nov 18, 2015.
             Was an Initiate of Ashenzari.
             Slain by Menkaure (2 damage)
             ... on level 4 of the Dungeon.
             The game lasted 00:24:00 (3684 turns).

EternalSandwich the Cutter (Demonspawn Gladiator)   Turns: 3684, Time: 00:24:00

Health: -1/56      AC:  9    Str: 16    XL:     8   Next: 26%
Magic:  0/8        EV: 12    Int: 14    God:    Ashenzari [......]
Gold:   238        SH:  0    Dex: 15    Spells: 0 memorised, 7 levels left

rFire  + . .     SeeInvis .     z - +7 short sword "Joblog" {drain, Int+4}
rCold  . . .     Clarity  .     t - +1 robe
rNeg   + . .     SustAt   .     (no shield)
rPois  .         Gourm    .     c - +0 helmet
rElec  .         Spirit   +     (no cloak)
rCorr  .         Warding  .     B - +0 pair of gloves
rMut   .         Rnd*Tele +     (no boots)
MR     .....                    l - amulet of guardian spirit (curse)
Stlth  +.........               w - ring of teleportation (curse)
                                n - ring of positive energy (curse)

@: not resistant to hostile enchantments, very unstealthy
A: hooves 1, molten scales 3
a: Renounce Religion, Evoke Teleportation


You were on level 4 of the Dungeon.
You worshipped Ashenzari.
Ashenzari was noncommittal.
You were hungry.

You visited 1 branch of the dungeon, and saw 4 of its levels.

You collected 238 gold pieces.

Inventory:

Hand Weapons
 a - a +0 quarterstaff
 z - the +7 short sword "Joblog" (weapon) {drain, Int+4}
   (You took it off a gnoll on level 3 of the Dungeon)

   A truly terrible weapon, it drains the life of those it strikes.
   It affects your intelligence (+4).
Missiles
 q - 15 poisoned needles
Armour
 b - a +0 leather armour
 c - a +0 helmet (worn)
 t - a +1 robe (worn)
 B - a +0 pair of gloves (worn)
Jewellery
 l - a cursed amulet of guardian spirit (around neck)
 n - a cursed ring of positive energy (left hand)
 w - a cursed ring of teleportation (right hand)
 F - an uncursed ring of see invisible
 I - a +2 ring of dexterity
Wands
 J - a wand of teleportation (5)
Scrolls
 g - 2 scrolls of recharging {unknown}
 h - a scroll of amnesia {unknown}
 k - a scroll of random uselessness {unknown}
 m - 2 scrolls of teleportation {unknown}
 s - 4 scrolls of identify {unknown}
 x - a scroll of blinking {unknown}
 y - a scroll of enchant weapon {unknown}
 A - 3 scrolls of noise {unknown}
 C - a scroll of enchant armour {unknown}
 G - 4 scrolls of curse armour
Potions
 i - a potion of heal wounds {unknown}
 j - 3 potions of haste {unknown}
 o - 2 potions of curing
 p - a potion of invisibility {unknown}
 r - a potion of brilliance {unknown}
 v - a potion of flight {unknown}
Comestibles
 d - 2 chunks of flesh
 e - 5 bread rations
 f - 2 meat rations
 u - 2 beef jerkies
 E - a royal jelly


   Skills:
 - Level 2.0 Fighting
 + Level 7.5 Short Blades
 - Level 5.7 Staves
 - Level 1.7 Throwing
 - Level 2.7 Dodging


You had 7 spell levels left.
You didn't know any spells.

Dungeon Overview and Level Annotations

Branches:
Dungeon (4/15)
 Temple: D:4-7

Altars:
Ashenzari
Makhleb
Ru

Annotations:
D:4 Menkaure


Innate Abilities, Weirdness & Mutations

You have large cloven feet.
You are completely covered in molten scales (AC +4, EV -1, rF+).


Message History

Menkaure points at you and mumbles some strange words.
Pain shoots through your body!
You puncture Menkaure! Your kick misses Menkaure.
Menkaure is heavily damaged.
Menkaure hits you but does no damage.
You hit Menkaure.
Menkaure is almost destroyed.
Menkaure points at you and mumbles some strange words.
Pain shoots through your body!
* * * LOW HITPOINT WARNING * * *
You barely miss Menkaure. You kick Menkaure, but do no damage.
Menkaure is almost destroyed.
You hit Menkaure. Your kick misses Menkaure.
Menkaure is almost destroyed.
Menkaure hits you!
* * * LOW HITPOINT WARNING * * *
You feel better. Menkaure hits you!
* * * LOW HITPOINT WARNING * * *
Menkaure hits you.
You die...

......###..####.#
........).......###...#
......####.###........#
......# #>...........#
......# #####........#
......# ##........#
......#### #.........#
.........####...#%/?.?#
########........@M.(..#
#.###.....###..#
#.#####_#####..#
#.###.....###..#
#.............##
############..# ....
####


You could see Menkaure.

Vanquished Creatures
  The ghost of ProzacElf the Conjurer, a novice HEAE of Sif Muna (D:4)
  2 ogres
  The ghost of bonger the Changer, an amateur DrTm (D:3)
  A gnoll sergeant (D:3)
  A giant frog skeleton (D:4)
  2 gnoll shamans (D:3)
  Jessica (D:2)
  An orc wizard (D:3)
  A worker ant (D:4)
  32 gnolls
  3 adders
  3 worms
  2 giant geckos
  8 bats
  8 giant cockroaches
  4 hobgoblins
  18 jackals (D:3)
  6 giant newts
  5 goblins
  7 kobolds
  3 quokkas
  9 rats
119 creatures vanquished.

Notes
Turn   | Place    | Note
--------------------------------------------------------------
     0 | D:1      | EternalSandwich the Demonspawn Gladiator began the quest for the Orb.
     0 | D:1      | Reached XP level 1. HP: 16/16 MP: 1/1
     6 | D:1      | Noticed a hog
     8 | D:1      | Noticed a black bear
     8 | D:1      | Noticed a swamp drake
    40 | D:1      | Reached skill level 3 in Staves
   112 | D:1      | Gained mutation: You are partially covered in molten scales (AC +1). [demonic ancestry]
   112 | D:1      | Reached XP level 2. HP: 22/22 MP: 2/2
   797 | D:2      | Found a burning altar of Makhleb.
   819 | D:2      | Found a sacrificial altar of Ru.
   837 | D:2      | Gained mutation: You are mostly covered in molten scales (AC +3, EV -1). [demonic ancestry]
   837 | D:2      | Reached XP level 3. HP: 27/27 MP: 3/3
   983 | D:2      | Noticed Jessica
   991 | D:2      | Killed Jessica
   991 | D:2      | Reached skill level 4 in Staves
  1218 | D:2      | Reached XP level 4. HP: 31/33 MP: 4/4
  1447 | D:3      | Found a shattered altar of Ashenzari.
  1474 | D:3      | Became a worshipper of Ashenzari the Shackled
  1617 | D:3      | Noticed bonger's ghost (amateur DrTm)
  1980 | D:3      | Reached skill level 5 in Staves
  2118 | D:3      | Gained mutation: You have large cloven feet. [demonic ancestry]
  2118 | D:3      | Reached XP level 5. HP: 36/38 MP: 5/5
  2208 | D:3      | Got the short sword "Joblog" {drain, Int+4}
  2209 | D:3      | Identified the +7 short sword "Joblog" {drain, Int+4} (You took it off a gnoll on level 3 of the Dungeon)
  2253 | D:3      | Noticed an ogre
  2261 | D:3      | HP: 1/38 [ogre/giant club (10)]
  2268 | D:3      | Killed an ogre
  2268 | D:3      | Gained mutation: You are completely covered in molten scales (AC +4, EV -1, rF+). [demonic ancestry]
  2268 | D:3      | Reached XP level 6. HP: 2/44 MP: 0/6
  2689 | D:3      | Reached XP level 7. HP: 18/50 MP: 5/7
  3071 | D:3      | Killed bonger's ghost
  3071 | D:3      | Reached skill level 5 in Short Blades
  3406 | D:4      | Noticed ProzacElf's ghost (novice HEAE)
  3457 | D:4      | Reached skill level 6 in Short Blades
  3499 | D:4      | Killed ProzacElf's ghost
  3499 | D:4      | Reached skill level 7 in Short Blades
  3499 | D:4      | Reached XP level 8. HP: 33/56 MP: 5/8
  3658 | D:4      | Found a shattered altar of Ashenzari.
  3665 | D:4      | Noticed Menkaure
  3683 | D:4      | HP: 2/56 [Menkaure (10)]
  3684 | D:4      | Slain by Menkaure

Action                   |  1- 3 |  4- 6 |  7- 9 || total
-------------------------+-------+-------+-------++-------
Melee: Quarterstaff      |   113 |   175 |       ||   288
       Short sword       |       |    64 |   118 ||   182
Throw: Javelin           |     5 |     5 |     3 ||    13
       Throwing net      |     4 |     3 |     3 ||    10
  Use: Scroll            |       |       |     2 ||     2
       Potion            |       |       |     3 ||     3
 Stab: Held in net/web   |     5 |     3 |       ||     8
       Sleeping          |       |     2 |       ||     2
  Eat: Chunk             |     1 |     5 |     3 ||     9
